 Dungeon Crawl Stone Soup version 0.31-a0-1008-g5b978da (webtiles) character file.

Game seed: 15397079306387266513

134 Partyfoot the Shooter (level 4, 23/23 HPs)
             Began as a Spriggan Hunter on Nov 12, 2023.
             Quit the game on level 3 of the Dungeon.
             The game lasted 00:06:14 (2607 turns).

Partyfoot the Shooter (Spriggan Hunter)             Turns: 2607, Time: 00:06:14

Health: 23/23      AC:  2    Str:  7    XL:     4   Next: 95%
Magic:  5/5        EV: 19    Int: 10    God:
Gold:   118        SH:  0    Dex: 20    Spells: 3/3 levels left

rFire   . . .        a - +0 shortbow
rCold   . . .        (shield currently unavailable)
rNeg    . . .        c - +0 robe
rPois   .            (helmet restricted)
rElec   .            (no cloak)
rCorr   .            (gloves unavailable)
SInv    +            (boots unavailable)
Will    .....        (no amulet)
Stlth   +++          (no ring)
HPRegen 0.23/turn    (no ring)
MPRegen 0.09/turn

%: no passive effects
@: very quick
A: very small, no large weapons, unfitting armour, see invisible, speed 3
a: no special abilities


You were on level 3 of the Dungeon.
You visited 1 branch of the dungeon, and saw 3 of its levels.

You collected 118 gold pieces.

Inventory:

Hand Weapons
 a - a +0 shortbow (weapon)
Missiles
 k - 2 throwing nets
Armour
 c - a +0 robe (worn)
Jewellery
 d - a ring of wizardry
Scrolls
 b - a scroll of butterflies
 e - 7 scrolls of identify {unknown}
 h - a scroll of teleportation {unknown}
 l - 2 scrolls of silence {unknown}
 m - 2 scrolls of fear {unknown}
 o - a scroll of vulnerability {unknown}
Potions
 f - a potion of enlightenment {unknown}
 g - a potion of curing {unknown}
 i - 2 potions of might {unknown}
 j - a potion of attraction {unknown}
 n - a potion of haste {unknown}


   Skills:
 + Level 2.5 Fighting
 + Level 4.6 Ranged Weapons
 + Level 4.0 Dodging
 + Level 4.0 Stealth


You had 3 spell levels left.
You didn't know any spells.
Your spell library contained the following spells:

 Spells                   Type           Power      Damage    Failure   Level
 Sublimation of Blood     Necr           0%         N/A       50%         2
 Wereblood                Tmut           0%         N/A       50%         2
 Summon Hydra             Summ           0%         N/A       100%        7


Dungeon Overview and Level Annotations

Branches:
Dungeon (3/15)

Altars:
Nemelex Xobeh
Lugonu

Portals:
Abyss: D:3

Annotations:
D:3 Sigmund


Innate Abilities, Weirdness & Mutations

You are very small and have problems with some larger weapons.
You are too small for most types of armour.
You have supernaturally acute eyesight. (SInv)
You cover ground extremely quickly. (Speed+++)


Message History

An adder comes into view.
Found a stone staircase leading down.
You shoot an arrow. The arrow hits the adder.
The adder hisses angrily.
The adder is moderately wounded.
You shoot an arrow. The arrow completely misses the adder.
You shoot an arrow. The arrow closely misses the adder.
You shoot an arrow. The arrow hits the adder.
The adder is heavily wounded.
You shoot an arrow. The arrow completely misses the adder.
The adder misses you. x2
You shoot an arrow. The arrow barely misses the adder.
The adder misses you.
You shoot an arrow. The arrow closely misses the adder.
The adder bites you but does no damage. x2
You shoot an arrow. The arrow barely misses the adder.
The adder completely misses you.
You shoot an arrow. The arrow hits the adder.
The adder is severely wounded.
The adder misses you. The adder bites you.
You are poisoned.
The adder poisons you!
You shoot an arrow. The arrow closely misses the adder.
You feel sick. The adder misses you.
You shoot an arrow.
The arrow hits the adder but does no damage.
The adder is severely wounded.
You feel sick. The adder completely misses you. The adder barely misses you.
You shoot an arrow. The arrow misses the adder.
You feel sick. The adder barely misses you.
You shoot an arrow. The arrow hits the adder!
You kill the adder!
You feel sick.
You are no longer poisoned.
Your Stealth skill increases to level 4!
No target in view!
No target in view!
e - 7 scrolls labelled KECAINNEDICRE (gained 1)
Found a spear.
Unknown command.
Are you sure you want to abandon this character and quit the game? (Confirm with "yes".)

.......# . #.#<...# .####..#
### .. #.###### #.#.##.#
.).... #......# .#..##.#
..... ######.# _......# ...#
########### #.#
#..#.#.####....###.........#
#.#
∩§..#...........>#.........#
#.#
..#.#.†####....#.#.(.......#
#.# ##.##..#
####@#.........# #.#
.....#.#########.#.........#
#.#
.#.#.#...........#........[#
#.#
.#.#.###########.#.....)...#
#.# .#.#[# #.#........)###.#
.#.#.# #.#.............#
..<..#### #.#.........#####
##......# #.#######.###
........# #.# #.#


There were no monsters in sight!

Vanquished Creatures
  An orc wizard (D:3)
  A gnoll (D:1)
  3 adders
  A worm (D:2)
  2 dart slugs
  3 orcs (D:3)
  6 ball pythons
  A bat (D:1)
  7 endoplasms
  2 giant cockroaches
  4 goblins
  7 hobgoblins
  4 quokkas
  3 frilled lizards (D:1)
  11 kobolds
  4 rats
60 creatures vanquished.

Vanquished Creatures (others)
  An orc wizard (D:3)
  A lurking horror (D:3)
2 creatures vanquished.

Grand Total: 62 creatures vanquished

Notes
Turn   | Place    | Note
-------+----------+-------------------------------------------
     0 | D:1      | Partyfoot the Spriggan Hunter began the quest for the Orb.
     0 | D:1      | Reached XP level 1. HP: 10/10 MP: 2/2
   157 | D:1      | Reached XP level 2. HP: 15/15 MP: 3/3
   418 | D:1      | Reached XP level 3. HP: 18/18 MP: 4/4
  1255 | D:2      | Identified the +0 ring mail of the Silversmith {+Blink}
  1522 | D:2      | Found a sparkling altar of Nemelex Xobeh.
  1616 | D:2      | Reached XP level 4. HP: 23/23 MP: 5/5
  2150 | D:3      | Noticed Sigmund
  2344 | D:3      | Found a one-way gate to the infinite horrors of the Abyss.
  2473 | D:3      | Found a corrupted altar of Lugonu.
  2607 | D:3      | Quit the game

Illustrated notes

Levels and vault maps discovered:
D:1:      sevenhm_arrival_forest_fort_large_2, layout_basic, hex_medium,
          nicolae_grassy_gnolls
D:2:      layout_basic, basic_altar, minmay_joined_circles
D:3:      layout_basic, minmay_crystal_room, grunt_decor_arrowhead,
          amcnicky_altar_lugonu_corruption, uniq_sigmund

Skill      XL: |  1  2  3  4 |
---------------+-------------+-----
Stealth        | 2 3 4 |  4.0
Dodging        | 3 4 |  4.0
Fighting       | 2 |  2.5
Ranged Weapons | |  4.6

Action                     |  1- 3 |  4- 6 || total
---------------------------+-------+-------++-------
   Fire: Shortbow          |   102 |    73 ||   175
 Armour: Robe              |    11 |    10 ||    21
  Dodge: Dodged            |    30 |    30 ||    60

Table legend: (Time is in decaauts)
 A = Elapsed time spent in this place.
 B = Non-inter-level travel time spent in this place.
 C = Inter-level travel time spent in this place.
 D = Time resting spent in this place.
 E = Time spent auto-exploring this place.
 F = Levels seen in this place.
 G = Mean time per level.
                   A        B        C        D        E       F      G
               +--------+--------+--------+--------+--------+-----+--------+
         Total |   1762 |   1581 |    181 |    127 |   1140 |   3 |  587.3 |
       Dungeon |   1762 |   1581 |    181 |    127 |   1140 |   3 |  587.3 |
               +--------+--------+--------+--------+--------+-----+--------+

Top non-repeatable levels by time:
     D:1: 665 daAuts
     D:2: 556 daAuts
     D:3: 540 daAuts
